 Dungeon Crawl Stone Soup version 0.30-a0-743-gbfdf073431 (webtiles) character file.

Game seed: 10037311163419576277

7133 Crownlay the Arsonist (level 11, -4/84 HPs)
             Began as a Hill Orc Fire Elementalist on Feb 7, 2023.
             Was a Priest of Vehumet.
             Slain by Grum
             ... wielding a -1 spear
              (8 damage)
             ... on level 8 of the Dungeon.
             The game lasted 00:21:26 (10294 turns).

Crownlay the Arsonist (Hill Orc Fire Elementalist) Turns: 10294, Time: 00:21:26

Health: -4/84      AC:  5    Str: 12    XL:     11   Next: 10%
Magic:  11/30      EV: 12    Int: 19    God:    Vehumet [***...]
Gold:   533        SH:  0    Dex: 11    Spells: 14/23 levels left

rFire   + + .      SeeInvis .    I - staff of fire
rCold   . . .      Faith    .    (no shield)
rNeg    . . .      Spirit   .    a - +0 robe
rPois   .          Reflect  .    d - +1 helmet
rElec   .          Harm     .    B - +0 cloak
rCorr   .          Rampage  .    (no gloves)
Will    .....                    (no boots)
Stlth   ++                       m - amulet of the acrobat
HPRegen 0.34/turn                r - ring of magical power
MPRegen 0.22/turn                h - ring of protection from fire

@: slowed, very slow
A: no striking features
a: Renounce Religion


You were on level 8 of the Dungeon.
You worshipped Vehumet.
Vehumet was most pleased with you.
You visited 2 branches of the dungeon, and saw 9 of its levels.

You collected 533 gold pieces.

Inventory:

Hand Weapons
 F - a +2 vampiric halberd
Missiles
 j - a throwing net
Armour
 a - a +0 robe (worn)
 d - a +1 helmet (worn)
 B - a +0 cloak (worn)
 K - the +2 robe of the Vacuum {-Tele Rampage rPois}
   (You took it off a kobold brigand on level 8 of the Dungeon)

   rPois:     It protects you from poison.
   -Tele:     It prevents most forms of teleportation.
   Rampage:   It bestows one free step when moving towards enemies.
 M - a +1 leather armour of cold resistance
Magical Staves
 v - a staff of air
 I - a staff of fire (weapon)
Jewellery
 h - a ring of protection from fire (right hand)
 m - an amulet of the acrobat (around neck)
 r - a ring of magical power (left hand)
 C - a ring of protection from cold
Wands
 p - a wand of flame (5)
 G - a wand of paralysis (6)
Scrolls
 e - 3 scrolls of enchant armour
 f - a scroll of teleportation
 i - 2 scrolls of magic mapping
 q - a scroll of blinking
 w - a scroll of summoning
 y - a scroll of amnesia {unknown}
 z - 2 scrolls of fog
 A - 3 scrolls of poison
 E - 2 scrolls of immolation
 H - a scroll of enchant weapon
 J - a scroll of brand weapon
 N - a scroll of identify
Potions
 b - a potion of magic
 c - a potion of cancellation {unknown}
 g - a potion of resistance
 k - a potion of attraction {unknown}
 l - a potion of berserk rage
 n - a potion of degeneration {unknown}
 o - a potion of brilliance {unknown}
 s - 2 potions of mutation
 t - a potion of curing
 u - a potion of might {unknown}
 D - 3 potions of invisibility {unknown}
 L - a potion of flight {unknown}


   Skills:
 - Level 4.0 Fighting
 - Level 1.5 Dodging
 - Level 1.5 Stealth
 + Level 6.7 Spellcasting
 + Level 7.0 Conjurations
 - Level 1.0 Summonings
 + Level 2.8 Transmutations
 - Level 12.0 Fire Magic
 - Level 4.0 Earth Magic


You had 14 spell levels left.
You knew the following spells:

 Your Spells              Type           Power      Damage    Failure   Level
a - Foxfire               Conj/Fire      100%       2x1d9     1%          1
b - Scorch                Fire           100%       2d10      1%          2
c - Inner Flame           Hex/Fire       43%        N/A       1%          3
d - Kindle Blastsparks    Fire/Tloc/Air  64%        2d15      1%          3

Your spell library contained the following spells:

 Spells                   Type           Power      Damage    Failure   Level
 Fulminant Prism          Conj/Hex       9%         3d7       7%          4
 Kiss of Death            Conj/Necr      76%        2d11      1%          1
 Flame Wave               Conj/Fire      59%        2d14      1%          4
 Dazzling Flash           Conj/Hex       38%        N/A       2%          3
 Hailstorm                Conj/Ice       19%        3d6       2%          3
 Freeze                   Ice            24%        1d4       3%          1
 Summon Small Mammal      Summ           40%        N/A       7%          1
 Frozen Ramparts          Ice            12%        1d2       9%          3
 Apportation              Tloc           12%        N/A       11%         1
 Necrotise                Necr           24%        1d5       11%         1
 Call Canine Familiar     Summ           10%        N/A       21%         3
 Summon Guardian Golem    Hex/Summ       8%         N/A       26%         3
 Confusing Touch          Hex            6%         N/A       30%         3
 Vampiric Draining        Necr           6%         2d6       30%         3
 Dispel Undead            Necr           6%         3d8       71%         4
 Alistair's Intoxication  Tmut/Pois      7%         N/A       85%         5
 Agony                    Necr           6%         N/A       96%         5
 Silence                  Hex/Air        3%         N/A       96%         5


Dungeon Overview and Level Annotations

Branches:
Dungeon (8/15)             Temple (1/1) D:4            Lair (0/5) D:8

Altars:
Ashenzari
Cheibriados
Dithmenos
Elyvilon
Fedhas
Gozag
Hepliaklqana
Kikubaaqudgha
Makhleb
Nemelex Xobeh
Okawaru
Qazlal
Ru
Sif Muna
Trog
Uskayaw
Vehumet
Wu Jian
Xom
Yredelemnul
Zin
The Shining One
Beogh

Annotations:
D:7 2 transporters
D:8 Grum


Message History

The hornet is moderately wounded.
The hornet's fire resistance burns away.
The foxfire hits the hornet but does no damage.
The hornet is moderately wounded.
The foxfire hits the hornet.
The hornet is burned terribly!
The hornet is moderately wounded.
Grum stares intently and snarls.
A wolf comes into view.
Casting: Scorch (safe; 1% risk of failure)
Confirm with . or Enter, or press ? or * to list all spells.
You feel a surge of power!
You conjure some foxfire!
The wolf howls!
You hear an angry buzzing noise.
The hornet stings you.
You are poisoned.
You feel yourself slow down.
Casting: Foxfire (safe; 1% risk of failure)
Confirm with . or Enter, or press ? or * to list all spells.
You feel a surge of power!
You conjure some foxfire!
You feel very sick.
The hornet is no longer more vulnerable to fire.
The foxfire hits the hornet but does no damage.
The hornet is moderately wounded.
The foxfire hits the hornet but does no damage.
The hornet is moderately wounded.
The hornet barely misses you. The hornet stings you!
* * * LOW HITPOINT WARNING * * *
You are lethally poisoned!
You feel as though you will be slow longer.
Grum hits you from afar with a -1 spear.
* * * LOW HITPOINT WARNING * * *
You feel better.
The foxfire hits the hornet but does no damage.
The hornet is moderately wounded.
The foxfire hits the hornet but does no damage.
The hornet is moderately wounded.
The hornet stings you!
* * * LOW HITPOINT WARNING * * *
You feel as though you will be slow longer.
Grum hits you from afar with a -1 spear!
You die...

~~~)~))~....#
............# .......
.#......##### .......
.#......# .......
.#......# .......
........#########.......
≈...............§.g.....
~..............§........
~~.............§@yh.....
~~~............§........
........................
~~......................
........................
~~~.....................
≈≈~.....................
~~......................
...................>...


You could see Grum, a hornet and a wolf.

Vanquished Creatures
  A two-headed ogre (D:8)
  A cyclops (D:8)
  A manticore (D:6)
  A troll (D:8)
  Grinder (D:4)
  Edmund (D:4)
  A water moccasin (D:6)
  3 orc warriors
  A black bear (D:7)
  4 ice beasts
  A sky beast (D:6)
  A boggart (D:8)
  2 centaurs
  6 ogres
  2 wolves (D:8)
  3 kobold brigands
  A necrophage (D:6)
  2 gnoll sergeants
  7 scorpions
  A bullfrog (D:6)
  9 wights
  6 killer bees (D:8)
  9 howler monkeys (D:8)
  3 electric eels (D:8)
  15 hounds
  2 jellies
  8 orc priests
  5 gnoll boudas
  An iguana (D:4)
  Natasha (thrice) (D:2)
  4 orc wizards
  14 gnolls
  10 adders
  A white imp (D:7)
  2 worms (D:2)
  3 dart slugs
  16 orcs
  8 ball pythons
  7 bats
  6 endoplasms
  4 giant cockroaches
  6 goblins
  6 hobgoblins
  7 jackals
  4 kobolds
  3 quokkas (D:1)
  7 rats
210 creatures vanquished.

Vanquished Creatures (collateral kills)
  15 foxfires
15 creatures vanquished.

Vanquished Creatures (others)
  1138 foxfires
  2 plants (D:8)
1140 creatures vanquished.

Grand Total: 1365 creatures vanquished

Notes
Turn   | Place    | Note
-------+----------+-------------------------------------------
     0 | D:1      | Crownlay the Hill Orc Fire Elementalist began the quest for
                  | the Orb.
     0 | D:1      | Reached XP level 1. HP: 14/14 MP: 3/3
   296 | D:1      | Reached XP level 2. HP: 20/20 MP: 0/4
   359 | D:1      | Learned a level 2 spell: Scorch
   405 | D:1      | Reached skill level 4 in Fire Magic
  1228 | D:2      | Reached XP level 3. HP: 26/26 MP: 0/5
  1623 | D:2      | Reached skill level 5 in Fire Magic
  1721 | D:2      | Reached XP level 4. HP: 33/33 MP: 4/6
  2168 | D:2      | Noticed Natasha
  2182 | D:2      | Killed Natasha
  2489 | D:2      | Learned a level 3 spell: Inner Flame
  2529 | D:2      | Noticed Natasha
  2534 | D:2      | Killed Natasha
  2535 | D:2      | Reached skill level 6 in Fire Magic
  2535 | D:2      | Reached XP level 5. HP: 38/38 MP: 2/7
  2554 | D:2      | Noticed Natasha
  2562 | D:2      | Killed Natasha
  2730 | D:3      | Found a broken altar of Ashenzari.
  2852 | D:3      | Reached skill level 7 in Fire Magic
  2954 | D:3      | Reached XP level 6. HP: 45/45 MP: 3/8
  3038 | D:3      | Found a faded altar of an unknown god.
  3579 | D:4      | Noticed Edmund
  3595 | D:4      | Killed Edmund
  3596 | D:4      | Reached skill level 8 in Fire Magic
  3752 | D:4      | Found a shadowy altar of Dithmenos.
  3752 | D:4      | Found a sacrificial altar of Ru.
  3753 | D:4      | Found a stormy altar of Qazlal.
  3938 | D:4      | Found a staircase to the Ecumenical Temple.
  3943 | Temple   | Entered the Ecumenical Temple
  4196 | Temple   | Became a worshipper of Vehumet
  4266 | D:4      | Reached XP level 7. HP: 50/50 MP: 9/9
  4383 | D:4      | Noticed Grinder
  4384 | D:4      | Paralysed by Grinder for 4 turns
  4394 | D:4      | Killed Grinder
  4395 | D:4      | Reached skill level 1 in Fighting
  4395 | D:4      | Reached skill level 1 in Summonings
  4395 | D:4      | Reached skill level 1 in Earth Magic
  4826 | D:5      | Entered Level 5 of the Dungeon
  4897 | D:5      | Reached skill level 1 in Transmutations
  5553 | D:6      | Reached XP level 8. HP: 62/62 MP: 10/10
  5605 | D:6      | Reached skill level 9 in Fire Magic
  6082 | D:6      | Reached * piety under Vehumet
  6082 | D:6      | Offered knowledge of Magic Dart by Vehumet.
  6255 | D:6      | Reached skill level 10 in Fire Magic
  6661 | D:6      | Reached XP level 9. HP: 71/71 MP: 12/12
  6895 | D:6      | Noticed a manticore
  6904 | D:6      | Learned a level 3 spell: Kindle Blastsparks
  6929 | D:6      | Killed a manticore
  6930 | D:6      | Reached skill level 5 in Conjurations
  7449 | D:7      | Found a transporter.
  7450 | D:7      | Noticed a cyclops
  7722 | D:7      | Reached skill level 5 in Spellcasting
  7745 | D:6      | Reached ** piety under Vehumet
  7977 | D:7      | Offered knowledge of Static Discharge by Vehumet.
  8143 | D:7      | Reached XP level 10. HP: 77/78 MP: 19/19
  8654 | D:7      | Noticed a two-headed ogre
  8655 | D:7      | Found a roughly hewn altar of Beogh.
  8655 | D:7      | Found a transporter.
  8775 | D:8      | Reached skill level 11 in Fire Magic
  9160 | D:8      | Reached skill level 12 in Fire Magic
  9387 | D:8      | Noticed a cyclops
  9396 | D:8      | Killed a cyclops
  9445 | D:8      | Offered knowledge of Mephitic Cloud by Vehumet.
  9547 | D:8      | Identified the +2 robe of the Vacuum {-Tele Rampage rPois}
  9757 | D:8      | Reached *** piety under Vehumet
 10111 | D:8      | Offered knowledge of Fulminant Prism by Vehumet.
 10177 | D:8      | Reached XP level 11. HP: 84/84 MP: 20/20
 10228 | D:8      | Found a staircase to the Lair.
 10268 | D:8      | Noticed a two-headed ogre
 10282 | D:8      | Killed a two-headed ogre
 10288 | D:8      | Noticed Grum
 10294 | D:8      | HP: 4/84 [hornet (9)]
 10294 | D:8      | Slain by Grum

Illustrated notes

Levels and vault maps discovered:
D:1:      zelgadis_glass_arrival_small, layout_basic, minmay_3d_cube
D:2:      layout_loops_cross, uniq_natasha
D:3:      layout_rooms, ashenzari_altar_1, ebering_ecumenical_altar_webs,
          minmay_box_of_dots
D:4:      layout_rooms, gammafunk_temple_overflow_forgotten,
          minmay_temple_entry_wispy, minivault_19, uniq_edmund, uniq_grinder
D:5:      layout_loops_cross
D:6:      layout_basic, nzn_random_ring
D:7:      gammafunk_beogh_shrine, layout_loops_ring, palyth_stone_intersect
D:8:      lemuel_castle_with_subvaults [lemuel_castle_interior_original],
          layout_gridville, erik_lair_island, uniq_grum
Temple:   dpeg_five_rooms_temple

Skill      XL: |  1  2  3  4  5  6  7  8  9 10 11 |
---------------+----------------------------------+-----
Fire Magic     | 4 5 6 7 8 10 12 | 12.0
Fighting       | 2 4 |  4.0
Summonings     | 1 |  1.0
Earth Magic    | 2 3 4 |  4.0
Conjurations   | 2 4 6 7 |  7.0
Transmutations | 1 2 |  2.8
Spellcasting   | 2 6 |  6.7
Dodging        | |  1.5
Stealth        | |  1.5

Action                     |  1- 3 |  4- 6 |  7- 9 | 10-12 || total
---------------------------+-------+-------+-------+-------++-------
  Melee: Unarmed           |    22 |       |       |       ||    22
         Punch             |     1 |       |       |       ||     1
         Spear             |    12 |    47 |    15 |       ||    74
         Halberd           |       |       |    22 |       ||    22
   Cast: Foxfire           |    75 |   127 |   206 |   261 ||   669
         Scorch            |       |     4 |    41 |    11 ||    56
         Kindle Blastspark |       |       |     6 |     3 ||     9
         Inner Flame       |       |       |       |     1 ||     1
    Use: Scroll            |       |     1 |     8 |     4 ||    13
         Potion            |       |       |     2 |     1 ||     3
 Armour: Robe              |    10 |    14 |    14 |    12 ||    50
  Dodge: Dodged            |    40 |    32 |    53 |    32 ||   157

Table legend: (Time is in decaauts)
 A = Elapsed time spent in this place.
 B = Non-inter-level travel time spent in this place.
 C = Inter-level travel time spent in this place.
 D = Time resting spent in this place.
 E = Time spent auto-exploring this place.
 F = Levels seen in this place.
 G = Mean time per level.
                   A        B        C        D        E       F      G
               +--------+--------+--------+--------+--------+-----+--------+
         Total |  10332 |   9970 |    362 |    158 |   8334 |   9 | 1148.0 |
       Dungeon |  10026 |   9757 |    269 |    158 |   8134 |   8 | 1253.2 |
        Temple |    305 |    212 |     93 |      0 |    200 |   1 |  305.0 |
               +--------+--------+--------+--------+--------+-----+--------+

Top non-repeatable levels by time:
     D:6: 2277 daAuts
     D:2: 1506 daAuts
     D:8: 1259 daAuts
     D:7: 1242 daAuts
     D:1: 1220 daAuts
     D:3: 951 daAuts
     D:4: 847 daAuts
     D:5: 721 daAuts
  Temple: 305 daAuts
